Map: Efflorescence EC

Players

Parsifal

  • Race: Terran Terran
  • League: Platinum
  • Spawn Location: 6:00

AXYB

  • Race: Zerg Zerg
  • Spawn Location: 9:00

Azke - Winner!

  • Race: Zerg Zerg
  • Spawn Location: 12:00

Tehelka - Winner!

  • Race: Zerg Zerg
  • Spawn Location: 3:00

VOD

Have the link to the VOD?

Description

Time

  • Played on: Jan. 25, 2019, 6:31 p.m.
  • Length: 16:17
Show
View Real Time Build Order
Export as new Build Order

Parsifal Terran 

Build Orders:  

Get SALT Encoding   

  12  0:01  SCV  
  13  0:15  SCV  
  14  0:24  Supply Depot  
  14  0:27  SCV  
  15  0:45  SCV  
  16  0:53  Barracks  
  16  0:57  Refinery, SCV  
  17  1:09  SCV  
  18  1:21  SCV  
  19  1:33  SCV  
  20  1:42  Supply Depot  
  20  1:44  Reaper  
  21  1:53  Bunker  
  21  2:07  Command Center  
  21  2:08  Orbital Command  
  21  2:12  Refinery  
  21  2:26  Factory  
  21  2:30  Barracks Tech Lab  
  21  2:35  SCV  
  22  2:48  SCV  
  23  3:00  SCV  
  24  3:08  Stimpack  
  24  3:12  SCV  
  25  3:20  Supply Depot  
  25  3:26  Factory Tech Lab  
  25  3:28  Marine  
  25  3:30  Orbital Command  
  25  3:45  Marine  
  26  3:49  Siege Tank  
  29  4:03  Marine  
  30  4:16  Starport  
  30  4:21  Siege Tank, Marine  
  32  4:53  Siege Tank  
  32  4:54  Starport Reactor  
  32  4:59  Supply Depot  
  35  5:01  Bunker  
  35  5:07  Orbital Command  
  35  5:18  Marine  
  36  5:22  Supply Depot  
  36  5:24  Combat Shield  
  36  5:35  Siege Tank  
  39  5:36  Marine  
  39  5:40  Barracks  
  39  5:41  SCV x2  
  42  5:45  Supply Depot  
  42  5:53  SCV  
  42  5:54  SCV  
  42  5:55  Medivac  
  46  6:05  SCV  
  46  6:06  SCV  
  48  6:17  SCV  
  48  6:18  SCV  
  50  6:28  Barracks  
  50  6:29  SCV  
  50  6:30  SCV  
  50  6:31  Siege Tank  
  55  6:42  SCV x2  
  55  6:43  Concussive Shells  
  57  6:57  Marauder, Marine  
  60  7:03  Siege Tank  
  63  7:15  Marine  
  63  7:18  Marauder  
  66  7:24  Engineering Bay  
  66  7:26  Armory  
  66  7:27  Engineering Bay  
  66  7:34  Barracks Reactor  
  67  7:38  Barracks  
  67  7:39  Marine  
  67  7:42  Command Center, Barracks Reactor  
  67  7:44  Refinery, Medivac  
  67  7:48  Refinery  
  67  7:49  Refinery  
  67  7:50  SCV  
  67  7:51  SCV  
  71  7:57  Marine  
  72  8:02  SCV  
  72  8:03  SCV  
  74  8:09  Refinery  
  74  8:11  Marine  
  74  8:12  Marine  
  76  8:14  SCV  
  76  8:15  SCV, Marine  
  56  8:20  Supply Depot  
  56  8:24  Marine  
  56  8:25  Marine  
  56  8:27  Barracks Reactor, SCV x2  
  58  8:29  Marine  
  58  8:30  Viking x2, Marine  
  58  8:31  Barracks  
  58  8:33  Marauder  
  65  8:39  SCV x2  
  65  8:42  Supply Depot, Marine  
  65  8:43  Marine  
  65  8:47  Marine  
  65  8:48  Marine  
  69  8:49  Missile Turret  
  69  8:54  Planetary Fortress, Marauder  
  71  9:00  Terran Infantry Weapons Level 1, Marine x2  
  71  9:02  Terran Infantry Armor Level 1  
  73  9:05  Supply Depot, Marine x2  
  73  9:09  Missile Turret  
  75  9:10  Marine x2  
  75  9:14  Missile Turret  
  75  9:15  Marine  
  78  9:18  Marine x2  
  78  9:20  Barracks  
  78  9:23  Marine x2  
  81  9:27  Marine  
  81  9:28  Terran Vehicle Weapons Level 1, Marine  
  81  9:29  Supply Depot  
  81  9:31  Missile Turret  
  73  9:32  SCV x3  
  73  9:33  Marine  
  73  9:36  Missile Turret, Marine x2  
  70  9:41  Marine x2  
  70  9:44  SCV  
  67  9:45  Marine  
  67  9:46  Marine  
  67  9:51  Marine  
  69  9:53  Missile Turret, Marine  
  69  9:54  Marine  
  69  9:55  Barracks Tech Lab  
  69  9:58  Marine  
  69  9:59  Missile Turret, Marine  
  70  10:03  Marine  
  70  10:04  Marine  
  66  10:09  Marine  
  66  10:11  Marine  
  66  10:12  Marine  
  69  10:14  Missile Turret, SCV  
  69  10:15  SCV x2  
  69  10:16  Marine  
  69  10:17  Marine  
  69  10:21  Missile Turret x2, Marine  
  73  10:26  SCV  
  73  10:27  SCV x2  
  77  10:31  Missile Turret  
  77  10:38  SCV  
  77  10:39  SCV  
  79  10:44  Missile Turret  
  79  10:45  Marine  
  79  10:46  Marine x2  
  83  10:50  SCV x2  
  83  10:51  SCV  
  83  10:55  Hi-Sec Auto Tracking  
  83  10:56  Neosteel Armor  
  85  11:02  SCV x2  
  85  11:03  SCV  
  88  11:09  Missile Turret  
  88  11:10  Missile Turret  
  88  11:13  Missile Turret  
  88  11:14  SCV  
  88  11:15  SCV x2  
  91  11:21  Supply Depot  
  91  11:24  Marine x3  
  91  11:25  Marine  
  94  11:26  SCV  
  94  11:27  Barracks Reactor, SCV  
  94  11:29  Missile Turret  
  94  11:31  Missile Turret  
  97  11:35  Missile Turret  
  97  11:41  Barracks  
  97  11:44  Supply Depot  
  96  11:49  Siege Tank  
  96  12:08  Medivac x2, Supply Depot  
  99  12:21  Siege Tank  
  102  12:28  Barracks  
  102  12:30  Supply Depot  
  102  12:38  Medivac x2, Barracks Reactor  
  106  12:50  Terran Infantry Weapons Level 2  
  106  12:51  Terran Infantry Armor Level 2  
  106  12:54  Siege Tank  
  109  12:59  Terran Vehicle Weapons Level 2  
  106  13:08  Medivac x2  
  106  13:10  SCV x3  
  113  13:16  Starport  
  113  13:26  Siege Tank  
  116  13:30  Missile Turret  
  116  13:33  Missile Turret x3  
  116  13:34  Missile Turret  
  116  13:37  Medivac, Missile Turret  
  116  13:38  Medivac, Marine  
  116  13:39  Barracks Reactor  
  116  13:40  Marine x8  
  116  13:41  Marine  
  129  13:43  Marine  
  131  13:49  Supply Depot  
  131  13:52  Starport  
  131  13:55  Missile Turret  
  131  13:56  Marine  
  131  13:57  Missile Turret, Marine  
  131  13:58  Missile Turret, Siege Tank, Marine x2  
  131  13:59  Missile Turret  
  138  14:07  Medivac  
  138  14:08  Medivac  
  142  14:12  Marine x2  
  142  14:13  Supply Depot, Marine x4  
  147  14:30  Siege Tank, Marine  
  147  14:31  Marine x13  
  147  14:37  SCV  
  147  14:38  SCV x2  
  163  14:45  Missile Turret  
  163  14:48  Marine  
  163  14:49  Marine x3  
  167  15:01  Marine x6  
  167  15:05  Missile Turret  
  173  15:10  Supply Depot  
  173  15:23  Missile Turret  
  173  15:31  Siege Tank, Marine  
  173  15:32  Supply Depot  
  175  15:48  Missile Turret  
  62  16:07  Missile Turret  
Show
View Real Time Build Order
Export as new Build Order

AXYB Zerg 

Build Orders: Pool First 

Get SALT Encoding   

  12  0:02  Drone  
  13  0:09  Drone  
  14  0:28  Spawning Pool  
  13  0:32  Drone  
  14  0:39  Overlord  
  14  0:47  Extractor  
  13  0:52  Extractor  
  13  0:53  Drone x2  
  16  1:13  Drone x2  
  18  1:26  Hatchery  
  18  1:30  Zergling x4  
  19  1:36  Extractor  
  19  1:37  Overlord  
  18  2:02  Overlord  
  18  2:11  Drone x2  
  18  2:15  Queen  
  20  3:00  Evolution Chamber  
  19  3:07  Spine Crawler  
  18  3:28  Spine Crawler  
  18  3:33  Roach Warren  
  16  3:41  Drone  
  16  3:42  Drone x3  
  16  3:44  Overlord x3  
  20  3:55  Lair  
  20  4:00  Drone x3  
  23  4:04  Extractor  
  22  4:11  Drone x3  
  25  4:27  Drone x3  
  28  4:33  Roach x2  
  32  4:40  Roach  
  34  5:14  Zerg Ground Armor Level 1  
  34  5:15  Glial Reconstitution  
  34  5:18  Drone  
  34  5:19  Drone x5  
  40  5:24  Roach x3  
  46  5:33  Zergling x2  
  47  5:43  Roach  
  47  5:45  Roach  
  51  5:52  Extractor  
  51  5:53  Roach  
  52  6:00  Overlord x2  
  52  6:21  Overseer  
  51  7:17  Roach x3  
  51  7:18  Roach x3  
  63  7:57  Drone x3  
  66  8:02  Extractor, Hatchery  
  64  8:09  Spore Crawler  
  39  8:37  Spore Crawler  
  39  8:38  Spore Crawler  
  39  8:39  Hydralisk Den  
  20  9:08  Hydralisk x6  
  20  9:09  Hydralisk x2  
  27  9:10  Hydralisk x2  
  26  9:44  Overseer, Hydralisk x2  
  30  9:47  Drone x3  
  33  9:59  Hatchery  
  32  10:31  Drone x3  
  32  10:33  Drone x2  
  32  10:34  Drone  
  38  10:38  Grooved Spines  
  38  10:51  Drone  
  38  10:52  Queen  
  17  11:22  Drone x2  
  19  11:26  Drone  
  20  12:02  Drone  
  20  12:03  Drone x3  
  20  12:04  Drone x2  
  26  12:29  Hydralisk x2  
  30  12:31  Hydralisk x2  
  34  12:38  Hydralisk  
  34  12:39  Hydralisk x2  
  28  13:30  Spore Crawler  
  28  13:31  Spore Crawler  
  26  13:42  Drone x3  
  29  13:54  Drone  
  30  13:56  Drone x3  
  30  13:57  Drone  
  35  14:10  Drone  
  35  14:21  Spore Crawler  
  34  14:39  Hydralisk x3  
  40  14:47  Queen  
  42  14:59  Evolution Chamber  
  41  15:12  Drone x2  
  41  15:13  Drone x3  
  41  15:14  Drone  
  47  15:15  Drone  
  47  15:20  Drone  
  49  15:24  Drone  
Show
View Real Time Build Order
Export as new Build Order

Azke Zerg - Winner!

Build Orders: Pool First, Muta Ling Bane 

Get SALT Encoding   

  12  0:01  Drone  
  13  0:13  Overlord  
  13  0:18  Drone  
  14  0:31  Drone  
  14  0:32  Drone  
  16  0:36  Drone  
  17  0:46  Spawning Pool  
  16  0:50  Drone  
  17  1:13  Hatchery  
  17  1:17  Drone  
  17  1:20  Extractor  
  17  1:22  Drone  
  17  1:27  Drone  
  18  1:35  Queen  
  20  1:45  Drone  
  20  1:46  Overlord  
  21  1:55  Zergling x2  
  22  2:14  Drone x2  
  25  2:22  Zergling x2  
  25  2:26  Zergling x2  
  26  2:32  Queen  
  26  2:34  Drone  
  28  2:40  Drone  
  28  2:43  Metabolic Boost  
  29  2:48  Drone x4  
  32  2:57  Zergling x2  
  32  2:58  Zergling x2  
  34  3:00  Roach Warren  
  33  3:18  Drone x3  
  36  3:20  Extractor, Overlord  
  35  3:30  Drone  
  36  3:41  Drone x5  
  40  3:43  Lair  
  41  3:51  Drone x3  
  41  3:52  Overlord  
  44  3:56  Overlord  
  44  4:11  Drone x5  
  44  4:16  Evolution Chamber  
  47  4:18  Evolution Chamber  
  46  4:26  Drone  
  46  4:27  Drone x6  
  50  4:47  Drone  
  50  4:48  Spire, Drone x2  
  50  4:50  Extractor  
  50  4:51  Extractor  
  50  5:02  Zergling x6  
  53  5:08  Hatchery  
  52  5:22  Baneling Nest  
  51  5:31  Zerg Ground Armor Level 1, Zerg Melee Weapons Level 1  
  51  6:00  Mutalisk  
  51  6:01  Mutalisk x3  
  51  6:04  Overlord  
  59  6:05  Overlord  
  59  6:07  Centrifical Hooks  
  59  6:09  Zergling x2  
  60  6:21  Queen  
  60  6:23  Drone x7  
  60  6:24  Drone x6  
  75  6:31  Mutalisk x3  
  78  6:55  Mutalisk  
  80  7:01  Zergling x2  
  80  7:03  Overlord x3  
  81  7:10  Overlord x3  
  81  7:15  Extractor  
  80  7:16  Extractor  
  79  7:26  Drone x3  
  79  7:28  Mutalisk  
  79  7:29  Mutalisk x5  
  94  7:34  Drone x3  
  97  7:41  Zergling x2  
  97  7:42  Zergling x8  
  102  7:49  Mutalisk  
  102  7:50  Mutalisk x2  
  108  7:59  Zergling x14  
  110  8:13  Mutalisk x4  
  114  8:25  Mutalisk x2  
  112  8:30  Queen  
  113  8:45  Zergling x16  
  121  8:50  Overlord x4  
  119  9:06  Mutalisk  
  119  9:07  Mutalisk  
  119  9:19  Zergling x20  
  127  9:26  Mutalisk  
  115  9:38  Mutalisk  
  109  9:39  Mutalisk x2  
  109  9:53  Mutalisk  
  109  9:54  Mutalisk x4  
  111  10:13  Zergling x2  
  111  10:14  Zergling x18  
  113  10:25  Drone x3  
  116  10:38  Zerg Melee Weapons Level 2  
  116  10:39  Zerg Ground Armor Level 2  
  116  10:53  Zergling x22  
  122  11:07  Zergling x2  
  122  11:08  Zergling x8  
  119  11:19  Infestation Pit  
  118  11:29  Mutalisk x4  
  118  11:30  Mutalisk x8  
  142  11:39  Zergling x2  
  143  11:44  Baneling x10  
  143  11:45  Baneling x8  
  143  11:46  Hatchery, Baneling  
  138  11:55  Hatchery  
  135  12:14  Zergling x2  
  135  12:15  Zergling x28  
  146  12:16  Zergling x4  
  146  12:19  Hive  
  146  12:21  Zerg Flyer Weapons Level 1  
  152  12:27  Zergling x2  
  152  12:29  Overlord x5  
  143  13:08  Queen  
  145  13:16  Queen  
  145  13:18  Drone x5  
  152  13:20  Zergling x10  
  152  13:21  Zergling x18  
  166  13:37  Zergling x2  
  166  13:38  Zergling x10  
  172  13:44  Ultralisk Cavern  
  172  13:46  Adrenal Glands  
  171  13:58  Zergling x18  
  171  13:59  Zergling x8  
  184  14:05  Baneling x6  
  184  14:06  Baneling x14  
  178  14:44  Chitinous Plating  
  178  14:46  Ultralisk  
  178  14:47  Ultralisk x2  
  196  15:18  Extractor  
  196  15:20  Extractor  
  194  15:30  Viper  
Show
View Real Time Build Order
Export as new Build Order

Tehelka Zerg - Winner!

Build Orders: Pool First 

Get SALT Encoding   

  12  0:01  Drone  
  13  0:13  Overlord  
  13  0:18  Drone  
  14  0:31  Drone  
  14  0:34  Drone  
  16  0:45  Spawning Pool  
  16  0:47  Drone  
  16  0:50  Drone  
  17  1:07  Extractor  
  17  1:08  Drone  
  17  1:21  Hatchery, Drone  
  17  1:33  Queen  
  17  1:35  Drone  
  20  1:43  Overlord  
  20  1:49  Drone  
  20  1:51  Zergling x2  
  22  2:03  Zergling x2  
  23  2:25  Drone x2  
  25  2:41  Roach Warren, Drone  
  25  2:58  Zergling x4  
  26  2:59  Drone  
  26  3:03  Drone x3  
  29  3:23  Roach  
  29  3:24  Roach x2  
  35  3:29  Drone  
  36  3:45  Overlord x3  
  36  3:54  Evolution Chamber  
  35  3:58  Drone  
  36  4:03  Queen  
  38  4:12  Roach  
  38  4:13  Roach x4  
  48  4:24  Metabolic Boost  
  48  4:49  Spore Crawler  
  48  4:52  Roach x6  
  59  5:03  Drone  
  59  5:41  Overlord  
  59  5:42  Overlord x2  
  59  6:01  Zerg Missile Weapons Level 1, Evolution Chamber  
  58  6:07  Roach x2  
  62  6:17  Lair  
  62  6:20  Drone x3  
  62  6:23  Extractor  
  64  6:30  Zergling x2  
  64  6:31  Zergling x14  
  61  7:12  Zerg Ground Armor Level 1  
  61  7:14  Drone x2  
  61  7:15  Drone x5  
  68  7:22  Overlord x2  
  68  7:23  Overlord  
  68  7:56  Hydralisk Den  
  67  8:02  Roach x2  
  67  8:03  Roach  
  73  8:06  Roach x3  
  55  8:25  Roach x6  
  65  8:37  Extractor  
  64  8:48  Hydralisk x2  
  40  10:23  Hydralisk  
  40  10:24  Hydralisk x6  
  40  10:26  Roach x9  
  72  10:55  Zerg Missile Weapons Level 2  
  72  11:00  Hatchery  
  71  11:24  Zergling x2  
  71  11:25  Zergling x10  
  73  11:26  Roach x7  
  73  11:32  Overlord x2  
  91  11:33  Overlord  
  89  12:13  Drone  
  89  12:15  Queen  
  92  12:25  Roach  
  92  12:26  Roach x14  
  122  12:34  Overlord x2  
  122  12:59  Overlord x5  
  121  13:29  Hatchery  
  120  13:35  Infestation Pit  
  120  13:38  Grooved Spines  
  119  13:43  Hatchery  
  119  13:47  Drone x2  
  119  13:48  Drone  
  121  13:52  Roach x6  
  121  13:53  Roach x5  
  143  13:58  Zerg Ground Armor Level 2  
  143  14:00  Glial Reconstitution  
  143  14:33  Baneling Nest  
  142  14:39  Overlord x4  
  142  14:40  Overlord  
  142  14:45  Queen  
  144  14:47  Drone  
  144  14:52  Drone x5  
  150  14:57  Drone  
  151  15:04  Drone  
  152  15:23  Zergling x2  
  152  15:24  Zergling x32  
Tags
 
Add a new tag
Caveats
  • Supply blocks, unpowered buildings, or Contaminate may cause inaccurate times.
  • Supply counts are checked every 10 seconds.